 Dungeon Crawl Stone Soup version 0.31.0-12-g77e489cdc1 (webtiles) character file.

Game seed: 10981163176124262086

37408 Peach3228 the Thaumaturge (level 13, -3/113 HPs)
             Began as a Grey Draconian Earth Elementalist on Feb 11, 2024.
             Was a Follower of Vehumet.
             Killed from afar by a frost giant (12 damage)
             ... with a bolt of cold
             ... in an ice cave.
             The game lasted 00:55:24 (21701 turns).

Peach3228 the Thaumaturge (DrEE)                   Turns: 21701, Time: 00:55:25

Health: -3/113     AC: 13    Str: 11    XL:     13   Next: 58%
Magic:  15/30      EV: 14    Int: 20    God:    Vehumet [*.....]
Gold:   2188       SH:  5    Dex: 12    Spells: 20/39 levels left

rFire   x . .        E - staff of earth
rCold   + . .        F - orb {*channel}
rNeg    . . .        (body armour unavailable)
rPois   .            (helmet restricted)
rElec   .            n - scarf {repulsion}
rCorr   .            (no gloves)
SInv    .            (no boots)
Will    +....        y - amulet of reflection
Stlth   +++          i - ring of ice
HPRegen 0.38/turn    o - ring of willpower
MPRegen 0.22/turn

%: repel missiles, reflection, channel magic (20%)
@: hasted, very quick
A: AC +13, amphibious, unfitting armour, cold-blooded
a: Renounce Religion


You were in an ice cave.
You worshipped Vehumet.
Vehumet was aware of your devotion.
You visited 3 branches of the dungeon, and saw 17 of its levels.
You also visited: Bailey and Ice Cave.

You collected 2188 gold pieces.

Inventory:

Hand Weapons
 V - the +3 hand axe of the Trees {protect, rPois Str+3 Stlth+}
   (You found it on level 1 of the Lair of Beasts)

   Str+3:     It affects your strength (+3).
   rPois:     It protects you from poison Stlth+: It makes you more stealthy.
Missiles
 H - a throwing net
Armour
 n - a scarf of repulsion (worn)
 F - an orb of energy (worn)
 T - the +1 cloak "Zauciub" {rC- rN+++ Regen+ Slay-6}
   (You found it on level 1 of the Lair of Beasts)

   Slay-6:    It affects your accuracy & damage with ranged weapons and melee
   (-6).
   rC-:       It makes you vulnerable to cold.
   rN+++:     It renders you almost immune to negative energy.
   Regen+:    It increases your rate of health regeneration.
Magical Staves
 E - a staff of earth (weapon)
Jewellery
 c - a +4 ring of protection
 i - a ring of ice (left hand)
 l - a ring of protection from fire
 o - a ring of willpower (right hand)
 y - an amulet of reflection (around neck)
 z - an amulet of guardian spirit
 M - a ring of resist corrosion
 N - a ring of magical power
 O - a +6 ring of strength
 Q - a ring of flight
 S - a +6 ring of strength
Wands
 q - a wand of digging (8)
 r - a wand of mindburst (1)
 w - a wand of flame (54)
 B - a wand of iceblast (28)
 C - a wand of paralysis (15)
 U - a wand of quicksilver (11)
Scrolls
 d - 8 scrolls of teleportation
 f - 4 scrolls of enchant armour
 j - 3 scrolls of fear
 v - 5 scrolls of poison
 x - 2 scrolls of blinking
 D - a scroll of vulnerability
 R - a scroll of amnesia {unknown}
 W - a scroll of silence
Potions
 a - 2 potions of might
 b - a potion of brilliance
 e - a potion of resistance {unknown}
 g - 3 potions of degeneration
 h - 2 potions of ambrosia
 k - 2 potions of cancellation
 m - a potion of haste
 p - 2 potions of enlightenment
 s - a potion of lignification {unknown}
 u - 2 potions of berserk rage {unknown}
 A - 4 potions of heal wounds {unknown}
 G - a potion of mutation {unknown}
 P - a potion of attraction {unknown}
Miscellaneous
 I - a lightning rod (4/4)
 J - a sack of spiders
 K - a condenser vane
 L - a phial of floods


   Skills:
 - Level 10.0 Fighting
 - Level 1.2 Maces & Flails
 + Level 7.2 Dodging
 + Level 4.8 Stealth
 - Level 0.1 Shields
 + Level 13.8 Spellcasting
 - Level 8.0 Conjurations
 + Level 12.5 Earth Magic
 * Level 4.5 Alchemy


You had 20 spell levels left.
You knew the following spells:

 Your Spells              Type           Power      Damage    Failure   Level
a - Sandblast             Erth           100%       2d20      1%          1
b - Stone Arrow           Conj/Erth      100%       3d13      2%          3
c - Passwall              Erth           77%        N/A       1%          3
d - Brom's Barrelling Bo  Conj/Erth      70%        2d8       4%          4
e - Leda's Liquefaction   Alch/Erth      32%        N/A       6%          4
f - Petrify               Alch/Erth      64%        N/A       6%          4

Your spell library contained the following spells:

 Spells                   Type           Power      Damage    Failure   Level
 Freeze                   Ice            80%        1d9       14%         1
 Shock                    Conj/Air       100%       1d9       4%          1
 Slow                     Hex            52%        N/A       14%         1
 Call Imp                 Summ           26%        N/A       19%         2
 Sublimation of Blood     Necr           13%        N/A       19%         2
 Confusing Touch          Hex            13%        N/A       32%         3
 Frozen Ramparts          Ice            40%        1d7       32%         3
 Sigil of Binding         Hex            13%        N/A       32%         3
 Swiftness                Air            13%        N/A       32%         3
 Vampiric Draining        Necr           13%        2d6       32%         3
 Arcjolt                  Conj/Air       14%        1d24      47%         5
 Airstrike                Air            6%         2d(1-17)  65%         4
 Vhi's Electric Charge    Tloc/Air       26%        N/A       65%         4
 Eringya's Noxious Bog    Alch           16%        4d6       88%         6
 Metabolic Englaciation   Hex/Ice        10%        N/A       91%         5
 Summon Forest            Summ/Tloc      6%         N/A       91%         5
 Plasma Beam              Fire/Air       6%         2x1d17    100%        6
 Summon Hydra             Summ           6%         N/A       100%        7


Dungeon Overview and Level Annotations

Branches:
Dungeon (13/15)            Temple (1/1) D:7            Lair (3/5) D:11
 Shoals (0/4) Lair:2        Snake (0/4) Lair:2          Orc (0/2) D:11
 Vaults (0/5) D:13         Bailey (visited)           IceCv (1/1)

Altars:
Ashenzari
Cheibriados
Dithmenos
Elyvilon
Fedhas
Gozag
Hepliaklqana
Kikubaaqudgha
Makhleb
Nemelex Xobeh
Okawaru
Qazlal
Ru
Sif Muna
Trog
Uskayaw
Vehumet
Wu Jian
Xom
Yredelemnul
Zin
The Shining One

Annotations:
Lair:3 1 runed translucent door, Sadonosm's ghost, journeyman DgSk


Innate Abilities, Weirdness & Mutations

Your dull iron-grey scales are very hard. (AC +13)
You are amphibious.
You cannot fit into any form of body armour.
You are cold-blooded and may be slowed by cold attacks.


Message History

You start resting.
A frost giant is nearby!
A frost giant is nearby!
Aiming: Stone Arrow (mildly dangerous; 2% risk of failure)
Press: ? - help, Q - select action, (/) - cycle Shift-Dir - straight line, f - frost giant
Aim: a frost giant, wielding a +1 battleaxe of freezing (wandering, hasn't noticed you, 98% to hit)
You feel a surge of power!
The stone arrow hits the frost giant but does no damage.
The frost giant shouts!
The frost giant gestures at you while chanting.
The bolt of cold misses you.
Aiming: Stone Arrow (mildly dangerous; 2% risk of failure)
Press: ? - help, Q - select action, (/) - cycle Shift-Dir - straight line, f/p - frost giant
Aim: a frost giant, wielding a +1 battleaxe of freezing (98% to hit)
You feel a surge of power!
The stone arrow hits the frost giant!!
The frost giant is lightly wounded.
Magical energy flows into your mind!
The frost giant gestures at you while chanting.
The bolt of cold hits you!! You resist.
* * * LOW HITPOINT WARNING * * *
Aiming: Stone Arrow (mildly dangerous; 2% risk of failure)
Press: ? - help, Q - select action, (/) - cycle Shift-Dir - straight line, f/p - frost giant
Aim: a frost giant, wielding a +1 battleaxe of freezing (lightly wounded, 98% to hit)
You feel a surge of power!
The stone arrow hits the frost giant!
The frost giant is moderately wounded.
Magical energy flows into your mind!
The frost giant gestures at you while chanting.
The bolt of cold hits you! You resist.
* * * LOW HITPOINT WARNING * * *
The frost giant points at you and mumbles some strange words.
The bolt of cold hits you! You resist.
* * * LOW HITPOINT WARNING * * *
You feel better.
You feel yourself speed up.
A yak comes into view.
The yak bellows!
A yak comes into view.
The frost giant points at you and mumbles some strange words.
The bolt of cold hits you! You resist.
You die...

#...#..##
#..##..##
#..#.#.##
##.###..##
#...##.#####.##
##..# Y...# ##
##...# ##.#
##... ##...##
#.## ##.#
##.C#.# ####.#
#...### ##.##.#
#.#.# ####..#..#
#@##.##......#.#
#..#
##.....##.##
##.# #..##.##[##
#.# #.########
Y#. #..###.## .
# #..#....# #
##......##
#...###..##
##.## ##..##


You could see a frost giant and a yak (wandering).

Vanquished Creatures
  Snorg (D:12)
  A hydra (Lair:2)
  2 centaur warriors
  2 two-headed ogres
  2 boulder beetles
  3 death yaks (IceCv)
  An orc high priest (Bailey)
  Urug (Lair:2)
  A skyshark (Lair:2)
  A lindwurm (Lair:2)
  An orc sorcerer (Bailey)
  A deep elf pyromancer (D:12)
  A manticore (D:11)
  An ugly thing (D:12)
  A salamander (Lair:2)
  3 cyclopes
  3 black mambas
  An ice statue (IceCv)
  3 cane toads
  A torpor snail (Lair:2)
  3 gargoyles
  A kobold demonologist (D:11)
  An unseen horror (D:12)
  7 komodo dragons
  A rime drake (Lair:2)
  2 trolls (D:11)
  4 merfolk (Lair:2)
  6 polar bears
  Sigmund (D:2)
  4 slime creatures (D:12)
  2 shadows
  3 wraiths
  2 vampires (D:12)
  40 yaks
  3 basilisks
  4 wyverns
  3 vampire mosquitoes
  2 acid dragons
  The ghost of drgodel the Trooper, an amateur OnBe of Trog (D:3)
  12 water moccasins
  A laughing skull (D:13)
  17 orc warriors
  An ice beast (D:7)
  An ogre (D:4)
  A crocodile (shapeshifter) (D:9)
  3 black bears
  4 centaurs
  10 wolves (IceCv)
  2 phantoms (D:5)
  Blork the orc (D:4)
  7 bullfrogs
  6 kobold brigands
  2 scorpions
  4 wights
  8 killer bees
  2 howler monkeys
  2 electric eels (Bailey)
  2 lava snakes (Lair:2)
  2 bombardier beetles (D:3)
  2 hounds
  2 jellies
  A gnoll bouda (D:9)
  7 orc priests
  Ijyb (D:3)
  8 iguanas
  20 orc wizards
  20 gnolls
  9 adders
  2 shadow imps
  A white imp (D:6)
  2 ufetubi (D:7)
  3 dart slugs
  2 ribbon worms (D:2)
  56 orcs
  6 ball pythons
  A bat skeleton (D:2)
  11 endoplasms
  3 giant cockroaches (D:1)
  18 goblins
  12 hobgoblins
  8 jackals
  2 quokkas (D:4)
  6 bats
  6 frilled lizards
  A giant cockroach zombie (D:2)
  15 kobolds
  A quokka skeleton (D:2)
  6 rats
441 creatures vanquished.

Vanquished Creatures (others)
  2 manticores (D:9)
  2 yaks (D:9)
  A howler monkey simulacrum (D:9)
  A boulder (D:12)
6 creatures vanquished.

Grand Total: 447 creatures vanquished

Notes
Turn   | Place    | Note
-------+----------+-------------------------------------------
     0 | D:1      | Peach3228 the Draconian Earth Elementalist began the quest
                  | for the Orb.
     0 | D:1      | Reached XP level 1. HP: 14/14 MP: 3/3
    17 | D:1      | Found a faded altar of an unknown god.
   254 | D:1      | Reached XP level 2. HP: 22/22 MP: 3/5
   453 | D:1      | Reached skill level 1 in Fighting
  1029 | D:2      | Reached XP level 3. HP: 16/28 MP: 1/6
  1411 | D:2      | Noticed Sigmund
  1434 | D:2      | Killed Sigmund
  1435 | D:2      | Reached skill level 3 in Spellcasting
  1435 | D:2      | Reached XP level 4. HP: 25/37 MP: 1/9
  1435 | D:2      | Reached XP level 5. HP: 28/42 MP: 1/10
  1969 | D:2      | Reached skill level 4 in Spellcasting
  2225 | D:3      | Reached XP level 6. HP: 50/50 MP: 9/12
  2843 | D:3      | Reached skill level 5 in Earth Magic
  3257 | D:3      | Noticed Ijyb
  3282 | D:3      | Killed Ijyb
  3526 | D:3      | Found a runed translucent door.
  3527 | D:3      | Noticed drgodel's ghost (amateur OnBe)
  3539 | D:3      | Killed drgodel's ghost
  3540 | D:3      | Your scales start taking on a dull iron-grey colour.
  3540 | D:3      | Reached XP level 7. HP: 50/57 MP: 5/14
  3605 | D:3      | Learned a level 3 spell: Stone Arrow
  3609 | D:3      | Learned a level 3 spell: Passwall
  3826 | D:4      | Reached skill level 5 in Spellcasting
  4580 | D:5      | Entered Level 5 of the Dungeon
  4944 | D:5      | Reached XP level 8. HP: 66/66 MP: 12/16
  4979 | D:5      | Found a shimmering blue altar of Sif Muna.
  5041 | D:5      | Noticed Blork the orc
  5052 | D:4      | Killed Blork the orc
  5245 | D:5      | Reached skill level 6 in Spellcasting
  5411 | D:5      | Found a snail-covered altar of Cheibriados.
  6041 | D:6      | Reached skill level 5 in Fighting
  6323 | D:6      | Reached skill level 7 in Spellcasting
  6323 | D:6      | Reached XP level 9. HP: 74/74 MP: 16/19
  6955 | D:7      | Found a staircase to the Ecumenical Temple.
  6977 | D:7      | Reached skill level 8 in Spellcasting
  7463 | D:8      | Found a sparkling altar of Nemelex Xobeh.
  7470 | D:8      | Reached skill level 1 in Maces & Flails
  7917 | D:8      | Found a broken altar of Ashenzari.
  7921 | D:8      | Found a shimmering altar of Xom.
  8001 | D:9      | Found a flagged portal.
  8133 | Bailey   | Entered a bailey
  8414 | Bailey   | Noticed an orc sorcerer
  8420 | Bailey   | Reached XP level 10. HP: 83/83 MP: 18/22
  8985 | Bailey   | Reached skill level 5 in Conjurations
  9107 | Bailey   | Found an iron altar of Okawaru.
  9109 | Bailey   | Noticed an orc high priest
  9117 | Bailey   | Killed an orc high priest
  9118 | Bailey   | Identified the +1 chain mail of Trial and Error {rPois
                  | Stlth+}
  9128 | Bailey   | Killed an orc sorcerer
  9253 | Bailey   | Acquired 1151 gold pieces
  9380 | Bailey   | Reached skill level 9 in Spellcasting
  9490 | Bailey   | Acquired a staff of earth
  9779 | D:9      | Found the +12 glaive of Prune {freeze, Prune}
  9780 | D:9      | Noticed a cyclops
  9780 | D:9      | Noticed a manticore
  9780 | D:9      | Noticed a centaur warrior
  9780 | D:9      | Noticed a red ugly thing
  9791 | D:9      | Noticed a manticore
  9815 | D:9      | Noticed a manticore
 10352 | D:9      | Found an ornate altar of the Wu Jian Council.
 10397 | D:9      | Killed a manticore
 10815 | D:9      | Learned a level 4 spell: Brom's Barrelling Boulder
 10828 | D:9      | Noticed a deep elf pyromancer
 10828 | D:9      | Noticed a centaur warrior
 10828 | D:9      | Noticed a boulder beetle
 10920 | D:9      | Killed a manticore
 10970 | D:9      | Noticed a harpy
 10975 | D:9      | a harpy changed into a yak
 10991 | D:9      | Killed a centaur warrior
 11055 | D:9      | Killed a boulder beetle
 11056 | D:9      | Reached XP level 11. HP: 76/89 MP: 0/24
 11694 | D:10     | Entered Level 10 of the Dungeon
 12248 | D:10     | Noticed a two-headed ogre
 12252 | D:10     | Killed a two-headed ogre
 12253 | D:10     | Reached skill level 10 in Spellcasting
 12253 | D:10     | Reached skill level 10 in Earth Magic
 12568 | D:10     | Found a burning altar of Makhleb.
 12810 | D:10     | Reached skill level 5 in Dodging
 14234 | D:11     | Found a staircase to the Orcish Mines.
 14278 | D:11     | Found a staircase to the Lair.
 14337 | D:11     | Reached skill level 11 in Spellcasting
 14355 | D:11     | Reached XP level 12. HP: 87/100 MP: 2/27
 15426 | D:12     | Noticed Snorg
 15432 | D:12     | Killed Snorg
 15683 | D:11     | Learned a level 4 spell: Leda's Liquefaction
 15688 | D:11     | Learned a level 4 spell: Petrify
 16166 | D:12     | Reached skill level 1 in Alchemy
 16467 | D:12     | Noticed a two-headed ogre
 16785 | D:12     | Killed a two-headed ogre
 16939 | D:13     | Found a gate to the Vaults.
 17063 | D:13     | Noticed a centaur warrior
 17069 | D:13     | Killed a centaur warrior
 17070 | D:13     | Reached skill level 12 in Spellcasting
 17136 | Lair:1   | Entered Level 1 of the Lair of Beasts
 17382 | Lair:1   | Noticed a boulder beetle
 17394 | Lair:1   | Killed a boulder beetle
 17553 | Lair:1   | Identified the +1 cloak "Zauciub" {rC- rN+++ Regen+ Slay-6}
 17917 | Lair:1   | You fall into a shaft and drop 1 floor!
 18147 | Lair:1   | Identified the +3 hand axe of the Trees {protect, rPois
                  | Str+3 Stlth+}
 18374 | Temple   | Entered the Ecumenical Temple
 18384 | Temple   | Became a worshipper of Vehumet
 19169 | Lair:2   | Noticed a four-headed hydra
 19175 | Lair:2   | Killed a four-headed hydra
 19176 | Lair:2   | Reached XP level 13. HP: 111/111 MP: 25/29
 19312 | Lair:1   | Reached skill level 13 in Spellcasting
 19631 | Lair:2   | Noticed Urug
 19636 | Lair:2   | Killed Urug
 19771 | Lair:2   | Found a staircase to the Shoals.
 20201 | Lair:2   | Found a staircase to the Snake Pit.
 20388 | Lair:2   | Reached * piety under Vehumet
 20388 | Lair:2   | Offered knowledge of Freeze by Vehumet.
 20691 | Lair:3   | Noticed Sadonosm's ghost (journeyman DgSk)
 20692 | Lair:3   | Found a runed translucent door.
 20726 | Lair:3   | Found a frozen archway.
 20736 | IceCv    | Entered an ice cave
 21404 | IceCv    | Reached skill level 10 in Fighting
 21541 | IceCv    | Noticed a frost giant
 21695 | IceCv    | HP: 2/113 [frost giant/bolt of cold (17)]
 21701 | IceCv    | Killed from afar by a frost giant

Illustrated notes

Levels and vault maps discovered:
D:1:      dpeg_arrival_shrine, layout_basic, dreamdust_ecumenical_altar_grove
D:2:      minmay_diamond_boxcup, layout_loops_ring, serial_undead,
          serial_undead_f, serial_undead_b, serial_undead_a, serial_undead_c,
          uniq_sigmund
D:3:      kennysheep_goblin_castle, layout_loops_ring,
          ebering_ghost_reflecting_pool, minmay_bisected
D:4:      minmay_spotlight, layout_basic
D:5:      layout_cave_pools, kennysheep_slug_shrine, led_sif_book,
          uniq_blork_the_orc
D:6:      layout_loops_ring
D:7:      layout_cave_pools, minmay_temple_entry_junction
D:8:      layout_basic, nemelex_xobeh_ov_fountains_minmay, minitemple,
          nicolae_tricolors
D:9:      minmay_the_grid_square_5x5_3x3 [minmay_the_grid_square_5x5_percent,
          minmay_the_grid_square_5x5_corner,
          minmay_the_grid_square_5x5_trominoes,
          minmay_the_grid_square_5x5_longway,
          minmay_the_grid_square_5x5_megaprize_diamond,
          minmay_the_grid_square_5x5_two_walls_b,
          minmay_the_grid_square_5x5_misaligned,
          minmay_the_grid_square_5x5_checkered_statues,
          minmay_the_grid_square_5x5_n_small], layout_loops_cross,
          mainiacjoe_overflow_tiny_flanked, enter_bailey_4,
          kennysheep_flooded_box, minivault_5, minivault_12
D:10:     layout_loops_cross, bloody_makhleb
D:11:     layout_small_grid, minmay_lair_entry_grove, orc_0_dummy
D:12:     layout_roguey, uniq_snorg
D:13:     layout_irregular_city, hellmonk_vaults_attempted_burglary,
          biasface_ghost_orc_armoury, minmay_statue_crystal_thing, uniq_kirke
Temple:   hellmonk_temple_of_storms
Lair:1:   layout_small_grid, lemuel_fruit_fields, serial_bayou_shore_b
Lair:2:   layout_chaotic_city, elwin_shoals_entry_stream,
          nicolae_snake_entry_warm_welcome, uniq_urug
Lair:3:   layout_chaotic_city, nicolae_volcano_entry_hallway,
          gammafunk_ghost_grave, portal_ice_cave_entry_pillars_1,
          beast_lair_carwin_11, grunt_megastairs_4
IceCv:    ice_cave_caverns_03

Skill      XL: |  1  2  3  4  5  6  7  8  9 10 11 12 13 |
---------------+----------------------------------------+-----
Fighting       | 1 2 3 4 5 6 7 9 10 | 10.0
Stealth        | 2 4 |  4.8
Spellcasting   | 3 4 5 7 8 9 11 12 13 | 13.8
Earth Magic    | 4 6 7 8 9 11 12 | 12.5
Dodging        | 2 4 5 6 7 |  7.2
Conjurations   | 2 4 7 8 |  8.0
Maces & Flails | 1 |  1.2
Alchemy        | 3 4 |  4.5
Shields        | |  0.1

Action                     |  1- 3 |  4- 6 |  7- 9 | 10-12 | 13-15 || total
---------------------------+-------+-------+-------+-------+-------++-------
  Melee: Short sword       |       |    11 |     4 |       |       ||    15
         Tailslap          |       |     4 |     2 |    28 |    18 ||    52
         Flail             |       |       |    31 |    33 |       ||    64
         Punch             |       |       |     1 |     1 |       ||     2
         Staff             |       |       |       |   130 |   105 ||   235
   Cast: Sandblast         |    55 |   103 |   193 |     4 |     1 ||   356
         Stone Arrow       |       |       |    35 |   375 |   140 ||   550
         Passwall          |       |       |     2 |     1 |       ||     3
         Brom's Barrelling |       |       |       |     1 |     1 ||     2
         Leda's Liquefacti |       |       |       |       |     5 ||     5
    Use: Scroll            |     4 |     6 |    10 |     4 |     5 ||    29
         Potion            |       |       |     1 |     6 |     5 ||    12
 Armour: Skin              |    14 |    26 |   121 |   207 |   163 ||   531
  Dodge: Dodged            |    12 |    33 |   135 |   200 |   170 ||   550
         Repelled          |       |     3 |     2 |     4 |     1 ||    10
  Block: Other             |       |       |    31 |    56 |       ||    87
         Reflection        |       |       |       |     6 |       ||     6
